 Dungeon Crawl Stone Soup version 0.30.1-6-gbe392663c4 (webtiles) character file.

Game seed: 16901408761616812006

722519 Kurtz the Tengu Barricade (level 27, -1/199 HPs)
             Began as a Tengu Fighter on Sept 20, 2023.
             Was the Champion of Zin.
             Succumbed to a green draconian's poison gas
             ... on level 4 of the Depths on Sept 21, 2023.
             The game lasted 03:02:14 (85026 turns).

Kurtz the Tengu Barricade (Tengu Fighter)          Turns: 85026, Time: 03:02:15

Health: -1/199     AC: 46    Str: 36    XL:     27
Magic:  36/36      EV: 30    Int: 17    God:    Zin [******]
Gold:   1877       SH: 35    Dex: 22    Spells: 0/26 levels left

rFire   + + +        O - +9 broad axe (holy)
rCold   + + .        n - +8 tower shield of Zaregy {rElec Str+3 Int+2 Slay-2}
rNeg    + + .        W - +12 crystal plate armour of the Holding Gods {Harm rN++ Will- Int+3}
rPois   .            E - +2 hat {Int+3}
rElec   +            Z - scarf of the Blind Marksman {shadows, Rampage Str+2}
rCorr   .            v - +1 pair of gloves of Melancholy {Harm Will+ Str+4 Stlth-}
SInv    .            (boots unavailable)
Will    ++...        m - amulet of Wonder {rF+ Regen+ Dex+5} Stlth
                     A - ring "Kuniof" {Drain Fly rElec rF+ rC++}
HPRegen 1.33/turn    M - ring "Guxafadu" {rF+ Slay+4}
MPRegen 0.25/turn

%: harm (+45% outgoing, +30% incoming), rampage
@: lethally poisoned (-1 -> -12), flying quickly and evasively, studying 4
skills, quick
A: beak, talons 3, nimble flight
}: 4/15 runes: serpentine, barnacled, silver, abyssal
a: Renounce Religion, Recite, Vitalisation, Imprison, Sanctuary, Donate Gold


You were on level 4 of the Depths.
You worshipped Zin.
Zin was exalted by your worship.
You visited 12 branches of the dungeon, and saw 49 of its levels.
You visited the Abyss 42 times.
You also visited: Trove, Bailey, Gauntlet and Ice Cave.

You collected 8388 gold pieces.
You spent 6438 gold pieces at shops.
You donated 73 gold pieces to Zin.

Inventory:

Hand Weapons
 O - a +9 broad axe of holy wrath (weapon)
Missiles
 L - 6 throwing nets
 Q - 6 curare-tipped darts
Armour
 e - a +0 tower shield of cold resistance
 n - the +8 tower shield of Zaregy (worn) {rElec Str+3 Int+2 Slay-2}
   (Okawaru gifted it to you on level 3 of the Snake Pit)

   Str:       It affects your strength (+3).
   Int:       It affects your intelligence (+2).
   Slay:      It affects your accuracy & damage with ranged weapons and melee
   (-2).
   rElec:     It insulates you from electricity.
 o - a +0 kite shield of resistance
 v - the +1 pair of gloves of Melancholy (worn) {Harm Will+ Str+4 Stlth-}
   (Okawaru gifted it to you on level 4 of the Vaults)

   Str:       It affects your strength (+4).
   Harm:      It increases damage dealt and taken.
   Will:      It increases your willpower.
   Stlth:     It makes you less stealthy.
 z - the +0 cloak of the Solstice {rElec rN+ Int+2 Stlth+}
   (You found it in a Gauntlet)

   Int:       It affects your intelligence (+2).
   rElec:     It insulates you from electricity.
   rN:        It protects you from negative energy.
   Stlth:     It makes you more stealthy.
 E - a +2 hat of intelligence (worn)
 G - the +0 hat of Gravitas {Rampage rC+++ Int+3 Slay-5}
   (You found it in a treasure trove)

   Int:       It affects your intelligence (+3).
   Slay:      It affects your accuracy & damage with ranged weapons and melee
   (-5).
   rC:        It renders you almost immune to cold.
   Rampage:   It bestows one free step when moving towards enemies.
 I - +1 pearl dragon scales
 T - the scarf "Joify" {repulsion, Regen+ Str+4 Dex-4}
   (Okawaru gifted it to you on level 3 of the Abyss)

   Str:       It affects your strength (+4).
   Dex:       It affects your dexterity (-4).
   Regen:     It increases your rate of health regeneration.
 W - the +12 crystal plate armour of the Holding Gods (worn) {Harm rN++ Will- Int+3}
   (Okawaru gifted it to you on level 2 of the Elven Halls)

   Int:       It affects your intelligence (+3).
   rN:        It greatly protects you from negative energy.
   Harm:      It increases damage dealt and taken.
   Will:      It decreases your willpower.
 Z - the scarf of the Blind Marksman (worn) {shadows, Rampage Str+2}
   (Okawaru gifted it to you on level 1 of the Lair of Beasts)

   Str:       It affects your strength (+2).
   Rampage:   It bestows one free step when moving towards enemies.
Jewellery
 h - the ring of Temptation {rN+ Will++}
   (You found it in a treasure trove)

   [ring of positive energy]

   rN:        It protects you from negative energy.
   Will:      It greatly increases your willpower.
 m - the amulet of Wonder (around neck) {rF+ Regen+ Dex+5}
   (You took it off a guardian mummy on level 3 of the Crypt)

   [amulet of regeneration]

   Dex:       It affects your dexterity (+5).
   rF:        It protects you from fire.
   Regen:     It increases your rate of health regeneration.
 r - the ring "Plog" {rPois EV+5}
   (You found it in a treasure trove)

   [ring of evasion]

   EV:        It affects your evasion (+5).
   rPois:     It protects you from poison.
 s - the amulet of Rationality {Acrobat Will+ Stlth+}
   (You found it in a treasure trove)

   [amulet of the acrobat]

   It increases your evasion while moving and waiting.
   Will:      It increases your willpower.
   Stlth:     It makes you more stealthy.
 t - the ring of Kisoz {rN+ Dex+4}
   (You found it on level 3 of the Crypt)

   [ring of positive energy]

   Dex:       It affects your dexterity (+4).
   rN:        It protects you from negative energy.
 u - the ring "Bewnak" {rN+ Will+ Int+2}
   (You bought it in a shop on level 4 of the Snake Pit)

   [ring of willpower]

   Int:       It affects your intelligence (+2).
   rN:        It protects you from negative energy.
   Will:      It increases your willpower.
 A - the ring "Kuniof" (left hand) {Drain Fly rElec rF+ rC++}
   (You took it off a vault sentinel on level 5 of the Vaults)

   [ring of protection from fire]

   rF:        It protects you from fire.
   rC:        It greatly protects you from cold.
   rElec:     It insulates you from electricity.
   Fly:       It grants you flight.
   Drain:     It drains your maximum health when unequipped.
 K - the ring "Ydaox" {rF+ rN+ Str-4 Dex+2}
   (You took it off a royal mummy on level 3 of the Crypt)

   [ring of positive energy]

   Str:       It affects your strength (-4).
   Dex:       It affects your dexterity (+2).
   rF:        It protects you from fire.
   rN:        It protects you from negative energy.
 M - the ring "Guxafadu" (right hand) {rF+ Slay+4}
   (You bought it in a shop on level 4 of the Snake Pit)

   [ring of slaying]

   Slay:      It affects your accuracy & damage with ranged weapons and melee
   (+4).
   rF:        It protects you from fire.
 U - the ring "Raemotil" {rC++ rCorr Int+2 Dex+4}
   (You found it on level 15 of the Dungeon)

   [ring of resist corrosion]

   Int:       It affects your intelligence (+2).
   Dex:       It affects your dexterity (+4).
   rC:        It greatly protects you from cold.
   rCorr:     It protects you from acid and corrosion.
Wands
 c - a wand of mindburst (42)
 w - a wand of light (34)
 x - a wand of iceblast (44)
 y - a wand of flame (148)
 R - a wand of digging (8)
 V - a wand of paralysis (49)
Scrolls
 f - 7 scrolls of blinking
 g - 30 scrolls of teleportation
 j - 2 scrolls of silence
 p - 7 scrolls of magic mapping
 H - 12 scrolls of fog
 S - 9 scrolls of summoning
 Y - 10 scrolls of fear
Potions
 a - 3 potions of resistance
 b - 4 potions of cancellation
 d - 9 potions of might
 i - 2 potions of ambrosia
 k - 19 potions of curing (quivered)
 q - 7 potions of heal wounds
 B - 14 potions of brilliance
 C - 14 potions of haste
 D - 20 potions of mutation
 F - 10 potions of magic
 N - 6 potions of invisibility
 P - 4 potions of berserk rage
Miscellaneous
 l - a condenser vane
 J - a lightning rod (4/4)
 X - a phial of floods


   Skills:
 O Level 27 Fighting
 - Level 18.0 Axes
 * Level 24.4 Armour
 O Level 27 Dodging
 - Level 4.3 Stealth
 O Level 27 Shields
 * Level 16.8 Invocations


You couldn't memorise any spells.
You knew the following spells:

 Your Spells              Type           Power      Damage    Failure   Level
a - Ignition              Fire           0%         3d3       100%        8
b - Fire Storm            Conj/Fire      0%         5d1       100%        9
c - Passwall              Tmut/Erth      0%         N/A       87%         2
d - Ignite Poison         Fire/Tmut/Pois 0%         N/A       98%         3
e - Passage of Golubria   Tloc           0%         N/A       100%        4

Your spell library contained the following spells:

 Spells                   Type           Power      Damage    Failure   Level
 Apportation              Tloc           0%         N/A       75%         1
 Magic Dart               Conj           0%         1d3       75%         1
 Necrotise                Necr           0%         1d4       75%         1
 Shock                    Conj/Air       0%         1d3       75%         1
 Sting                    Tmut/Pois      0%         1d3       75%         1
 Summon Small Mammal      Summ           0%         N/A       75%         1
 Blink                    Tloc           0%         N/A       87%         2
 Call Imp                 Summ           0%         N/A       87%         2
 Cigotuvi's Dreadful Rot  Necr/Pois/Air  0%         N/A       87%         2
 Ensorcelled Hibernation  Hex/Ice        0%         N/A       87%         2
 Lesser Beckoning         Tloc           0%         N/A       87%         2
 Momentum Strike          Conj/Tloc      0%         3d8       87%         2
 Poisonous Vapours        Pois/Air       0%         N/A       87%         2
 Scorch                   Fire           0%         2d5       87%         2
 Searing Ray              Conj           0%         2d4       87%         2
 Static Discharge         Conj/Air       0%         2-2/arc   87%         2
 Sublimation of Blood     Necr           0%         N/A       87%         2
 Wereblood                Tmut           0%         N/A       87%         2
 Call Canine Familiar     Summ           0%         N/A       98%         3
 Dazzling Flash           Conj/Hex       0%         N/A       98%         3
 Gell's Gravitas          Tloc           0%         N/A       98%         3
 Hailstorm                Conj/Ice       0%         3d3       98%         3
 Mephitic Cloud           Conj/Pois/Air  0%         N/A       98%         3
 Portal Projectile        Hex/Tloc       0%         N/A       98%         3
 Spider Form              Tmut/Pois      0%         N/A       98%         3
 Summon Guardian Golem    Hex/Summ       0%         N/A       98%         3
 Swiftness                Air            0%         N/A       98%         3
 Teleport Other           Tloc           0%         N/A       98%         3
 Tukima's Dance           Hex            0%         N/A       98%         3
 Vampiric Draining        Necr           0%         2d6       98%         3
 Vhi's Electric Charge    Tloc/Air       0%         N/A       98%         3
 Volatile Blastmotes      Fire/Tloc      0%         2d10      98%         3
 Airstrike                Air            0%         2d(0-16)  100%        4
 Anguish                  Hex/Necr       0%         N/A       100%        4
 Cause Fear               Hex            0%         N/A       100%        4
 Flame Wave               Conj/Fire      0%         2d4       100%        4
 Fulminant Prism          Conj/Hex       0%         3d5       100%        4
 Iskenderun's Mystic Bla  Conj/Tloc      0%         2d3       100%        4
 Leda's Liquefaction      Hex/Erth       0%         N/A       100%        4
 Olgreb's Toxic Radiance  Pois           0%         N/A       100%        4
 Petrify                  Tmut/Erth      0%         N/A       100%        4
 Sticky Flame             Conj/Fire      0%         2d3       100%        4
 Summon Lightning Spire   Summ/Air       0%         N/A       100%        4
 Agony                    Necr           0%         N/A       100%        5
 Alistair's Intoxication  Tmut/Pois      0%         N/A       100%        5
 Arcjolt                  Conj/Air       0%         1d10      100%        5
 Borgnjor's Vile Clutch   Necr/Erth      0%         N/A       100%        5
 Freezing Cloud           Conj/Ice/Air   0%         6-21      100%        5
 Irradiate                Conj/Tmut      0%         3d11      100%        5
 Lee's Rapid Deconstruct  Erth           0%         3d4*      100%        5
 Metabolic Englaciation   Hex/Ice        0%         N/A       100%        5
 Silence                  Hex/Air        0%         N/A       100%        5
 Yara's Violent Unravell  Hex/Tmut       0%         3d3       100%        5
 Conjure Ball Lightning   Conj/Air       0%         3x3d6     100%        6
 Eringya's Noxious Bog    Tmut/Pois      0%         N/A       100%        6
 Iron Shot                Conj/Erth      0%         9d1       100%        6
 Starburst                Conj/Fire      0%         6d3       100%        6
 Statue Form              Tmut/Erth      0%         N/A       100%        6
 Summon Cactus Giant      Summ           0%         N/A       100%        6
 Dragon Form              Tmut           0%         N/A       100%        7
 Summon Hydra             Summ           0%         N/A       100%        7
 Discord                  Hex            0%         N/A       100%        8
 Disjunction              Tloc           0%         N/A       100%        8
 Maxwell's Capacitive Co  Air            0%         ∞         100%        8
 Dragon's Call            Summ           0%         N/A       100%        9


Dungeon Overview and Level Annotations

Branches:
Dungeon (15/15)            Temple (1/1) D:5            Lair (5/5) D:8
 Shoals (4/4) Lair:2        Snake (4/4) Lair:2        Slime (0/5) Lair:4
    Orc (2/2) D:10            Elf (3/3) Orc:2        Vaults (5/5) D:14
  Crypt (3/3) Vaults:3       Tomb (1/3) Crypt:3      Depths (4/4) D:15
    Zot (2/5) Depths:4     Bailey (visited)           IceCv (visited)
Gauntlet (visited)

Altars:
Ashenzari
Cheibriados
Dithmenos
Elyvilon
Fedhas
Gozag
Hepliaklqana
Kikubaaqudgha
Makhleb
Nemelex Xobeh
Okawaru
Qazlal
Ru
Sif Muna
Trog
Uskayaw
Vehumet
Wu Jian
Xom
Yredelemnul
Zin
The Shining One
Jiyva

Shops:
D:3 :   D:4 !   D:5 *   D:8 :   Orc:2 :?=**   Elf:2 [(   Shoals:1 [**(*
Shoals:3 :   Snake:4 :=:   Vaults:2 ??([(

Portals:
Hell: Depths:1 Depths:2 Depths:3 Depths:4
Abyss: Depths:1 Depths:2 Depths:3
Pandemonium: Depths:2 Depths:4
Ziggurat: Depths:4

Annotations:
D:14 exclusion: downstairs
Vaults:5 1 exclusion
Depths:2 2 transporters
Depths:4 exclusion: great orb of eyes


Innate Abilities, Weirdness & Mutations

You have a beak for a mouth.
You have claws for feet.
Your magical nature lets you fly swiftly and evasively.


Message History

The yellow draconian annihilator spits acid at you.
The glob of acid hits you!!
You feel very sick.
You feel very sick.
The green draconian breathes poison at you.
The blast of poison misses you.
You are engulfed in poison gas.
You are more poisoned.
You feel extremely sick.
There is an open door here.
You are engulfed in poison gas.
You are more poisoned.
You feel extremely sick.
You feel extremely sick.
You feel very sick.
You feel very sick.
You feel very sick.
You feel very sick.
You feel very sick.
You feel sick.
There is an open door here.
You feel sick.
You feel sick.
You feel sick.
You feel sick.
You feel sick.
You feel sick.
The green draconian breathes poison at you.
You are engulfed in poison gas.
You are more poisoned.
* * * LOW HITPOINT WARNING * * *
You feel very sick.
There is a gate leading back out of this place here.
You are engulfed in poison gas.
You are more poisoned.
* * * LOW HITPOINT WARNING * * *
x2 You feel extremely sick.
You fly up through the gate.
Welcome back to the Depths!
Level annotation: exclusion: great orb of eyes You die...

...###.##..##...........##.......
....##..#.......⌠...⌠....##......
....#.#.#.................##.....
.....##.#...⌠..............##....
......#.##......########....#....
.........##...### ###..##...
...########...#############..#...
####.........###.........##'##...
'..........⌠..#.@...........##...
####.........###.........##'##...
))[########...#############..#...
)÷[[.....##...### ###..##...
.#[####.##......########....#....
##.# #.#...⌠..............##....
#### ##.#.................##.....
#### #..#.......⌠...⌠....##......
...# #.##..##...........##.......


There were no monsters in sight!

Vanquished Creatures
  6 dread liches
  Mennas (Tomb:1)
  Khufu (Crypt:2)
  An orb of fire (Zot:1)
  Mara (Vaults:5)
  3 juggernauts (Depths:3)
  3 royal mummies
  A caustic shrike (Depths:3)
  Bai Suzhen (Snake:4)
  the Enchantress (Depths:1)
  Nikola (Snake:1)
  10 golden dragons
  15 bone dragons
  3 profane servitors
  2 hellephants (Abyss:5)
  5 tentacled monstrosities
  A Hell Sentinel (Abyss:3)
  Rupert (Snake:1)
  Zenata (Vaults:2)
  8 deep elf blademasters
  Asterion (Snake:1)
  13 liches
  2 walking divine tomes
  2 walking earthen tomes
  5 quicksilver dragons
  44 tentacled starspawn
  4 deep elf master archers
  8 acid blobs
  16 titans
  An Executioner (Abyss:3)
  A death cob (Zot:1)
  18 sphinxes
  A kraken (Abyss:4)
  An ancient champion (Crypt:3)
  Kirke (D:13)
  A sphinx (shapeshifter) (Vaults:5)
  Donald (Crypt:1)
  13 tengu reavers
  3 draconian monks
  9 nagarajas
  6 revenants
  8 shadow dragons (Vaults:5)
  2 daevas (Abyss:5)
  12 storm dragons
  6 azure jellies (Depths:2)
  3 rockslimes (Depths:2)
  15 fire giants
  24 frost giants
  The ghost of laqueoix the Bludgeoner, a journeyman MiFi of Makhleb (Snake:1)
  An iron dragon (Depths:3)
  4 balrugs
  2 draconian knights
  10 deep elf sorcerers
  A draconian scorcher (Abyss:4)
  17 vault wardens
  Aizul (Snake:4)
  A ghost moth (Depths:1)
  4 reapers
  The ghost of Wiggles the Executioner, a journeyman MiBe of Trog (D:13)
  8 deep elf elementalists
  2 cacodemons (Abyss:4)
  The ghost of Bedghoklo the Impregnable, a journeyman MiFi of the Shining One (Snake:2)
  5 orc warlords
  6 ghouls
  7 spriggan defenders
  5 curse skulls
  A caustic shrike zombie (Depths:1)
  5 quicksilver oozes (Depths:2)
  A draconian shifter (Zot:1)
  12 vampire knights
  2 elemental wellsprings (Depths:3)
  38 stone giants
  18 ironbound preservers
  10 deep elf demonologists
  2 caustic shrike skeletons
  2 war gargoyles
  4 starflowers (Abyss:4)
  5 green draconians
  2 black draconians
  10 ironbound thunderhulks
  27 very ugly things
  6 lorocyprocas
  15 dire elephants
  7 red draconians
  2 bennus (Tomb:1)
  10 deep elf annihilators
  The ghost of laqueoix the Impaler, a journeyman DsGl of Qazlal (Lair:5)
  2 white draconians (Depths:4)
  3 purple draconians
  9 deep elf death magi
  3 spark wasps (Depths:3)
  A minotaur (Gauntlet)
  A bunyip (Abyss:3)
  3 yellow draconians (Zot:1)
  The ghost of Athletesfoot the Severer, a journeyman MiFi of the Shining One (D:14)
  7 eidola
  7 crystal guardians
  11 merfolk impalers
  2 blizzard demons
  10 jiangshi
  6 deep elf high priests
  3 green deaths
  6 merfolk javelineers
  6 mummy priests
  2 entropy weavers
  23 ettins
  A quicksilver dragon zombie (Crypt:3)
  9 fire dragons
  17 yaktaur captains
  2 entropy weavers (shapeshifter)
  A great orb of eyes (shapeshifter) (Vaults:5)
  Josephine (Snake:1)
  A salamander tyrant (Snake:4)
  Fannar (Lair:3)
  8 hydras
  12 ice dragons
  A hell beast (Depths:1)
  19 great orbs of eyes
  2 peacekeepers
  6 rakshasas
  2 quicksilver dragon skeletons
  35 vault guards
  11 ironbound frosthearts
  2 ogre magi
  2 catoblepae
  6 merfolk aquamancers
  Erica (D:10)
  2 death knights
  A spriggan skeleton (Abyss:4)
  13 anacondas
  2 merfolk avatars (Shoals:4)
  29 dancing weapons
  13 two-headed ogres
  6 centaur warriors
  11 spriggan air magi
  3 alligator snapping turtles
  10 boulder beetles
  4 deep troll shamans
  A satyr (Shoals:3)
  9 tengu warriors
  A two-headed ogre (shapeshifter) (Abyss:4)
  20 naga warriors
  An Orb Guardian skeleton (Crypt:2)
  9 deep troll earth magi
  79 thrashing horrors
  16 naga sharpshooters
  10 shock serpents
  7 vampire magi
  7 death yaks
  6 orc high priests
  12 spriggan berserkers
  7 hell hogs
  Sonja (D:13)
  36 deep elf knights
  5 soul eaters
  11 sixfirhies
  13 hell knights
  34 wretched stars
  6 skysharks
  5 sun demons
  14 spatial maelstroms
  A skyshark (shapeshifter) (Vaults:2)
  53 deep trolls
  A goliath frog (shapeshifter) (Vaults:4)
  5 shadow wraiths
  An iron giant zombie (Crypt:2)
  24 sea snakes
  5 skeletal warriors
  A death drake (Gauntlet)
  A storm dragon skeleton (Crypt:1)
  7 flayed ghosts
  10 iron trolls
  A golden dragon zombie (Depths:1)
  6 glowing orange brains
  4 shadow demons (Abyss:5)
  A glowing orange brain (shapeshifter) (D:13)
  2 swamp dragons
  7 bog bodies (Crypt:3)
  31 deep elf archers
  A harpy (shapeshifter) (Abyss:4)
  2 orange crystal statues
  18 wizards
  A wolf spider zombie (Crypt:1)
  24 harpies
  6 necromancers
  18 ironbound convokers
  16 lindwurms
  6 naga ritualists
  A swamp dragon (shapeshifter) (Vaults:2)
  2 tengu skeletons
  2 wolf spiders (Lair:5)
  18 orc knights
  53 deep elf pyromancers
  A faun (shapeshifter) (Abyss:4)
  41 deep elf zephyrmancers
  4 orc sorcerers
  9 fauns
  49 ugly things
  15 phantasmal warriors
  4 will-o-the-wisps
  A manticore (shapeshifter) (D:14)
  A fire giant zombie (Depths:1)
  14 salamanders
  4 shining eyes
  8 mana vipers
  6 cyclopes
  17 manticores
  12 worldbinders
  A guardian serpent (shapeshifter) (Abyss:5)
  A moth of wrath (Gauntlet)
  2 elephants (shapeshifter)
  A naga zombie (Crypt:3)
  A fire giant skeleton (Depths:1)
  14 merfolk sirens
  10 elephants (Lair:3)
  10 guardian serpents
  24 vault sentinels
  A black mamba (shapeshifter) (Vaults:4)
  53 black mambas
  A frost giant skeleton (Crypt:2)
  2 ice statues (IceCv)
  A stone giant skeleton (Crypt:2)
  11 naga magi
  7 orange demons
  3 eyes of devastation
  2 gargoyles (D:11)
  20 smoke demons
  5 apocalypse crabs
  37 slime creatures
  A water nymph (shapeshifter) (Depths:4)
  A shock serpent zombie (Crypt:1)
  2 demonic crawlers
  A torpor snail (Gauntlet)
  2 hellions
  An alligator snapping turtle zombie (Crypt:1)
  A centaur skeleton (Abyss:3)
  3 unseen horrors
  10 water nymphs
  2 steelbarb worm zombies
  A yellow draconian zombie (Crypt:3)
  Psyche (D:9)
  A death yak zombie (Crypt:1)
  An elf skeleton (Vaults:4)
  21 cane toads
  8 efreet
  11 rime drakes
  8 freezing wraiths
  A tormentor (Abyss:5)
  11 komodo dragons
  A bunyip simulacrum (Abyss:3)
  6 tengu conjurers
  42 yaktaurs
  2 ice devils
  A redback zombie (Crypt:1)
  A red devil (Abyss:4)
  36 guardian mummies
  2 meliai (shapeshifter)
  44 merfolk
  A harpy zombie (Abyss:4)
  34 ancient zymes
  4 tyrant leeches (Abyss:5)
  2 yaktaur skeletons (Vaults:4)
  2 hellwings
  4 meliai (D:13)
  16 trolls
  3 polar bears
  Prince Ribbit (Bailey)
  2 hornets (shapeshifter) (Abyss:5)
  A harpy skeleton (Tomb:1)
  10 wind drakes
  A dream sheep (shapeshifter) (Abyss:4)
  24 blink frogs
  12 hornets
  A blink frog (shapeshifter) (D:14)
  A tarantella zombie (Crypt:3)
  78 raiju
  6 snapping turtles
  10 dream sheep
  A centaur simulacrum (D:15)
  11 spriggans
  13 flying skulls
  5 air elementals
  3 shadows
  A wyvern (shapeshifter) (Elf:1)
  18 wyverns
  17 ynoxinuls
  21 water elementals
  16 wraiths
  62 yaks
  11 ushabtiu
  A hog (D:14)
  2 humans (shapeshifter)
  11 humans
  5 vampires
  18 fire bats
  6 golden eyes
  A hog (shapeshifter) (Vaults:5)
  4 steam dragons
  7 basilisks
  24 chaos spawn
  9 fire elementals
  5 redbacks
  8 vampire mosquitoes
  21 neqoxecs
  4 wargs
  2 acid dragons (Lair:5)
  55 nagas
  25 spatial vortices
  27 water moccasins
  A water nymph zombie (Crypt:2)
  69 large abominations
  5 hell hounds (Abyss:5)
  A floating eye (shapeshifter) (Depths:1)
  2 floating eyes (Abyss:5)
  36 orc warriors
  4 black bears
  A water nymph skeleton (Crypt:3)
  A black bear (shapeshifter) (D:13)
  An ettin simulacrum (Crypt:3)
  7 ogres
  A phantom (D:5)
  2 elephant skeletons (Crypt:2)
  10 centaurs
  A wolf (Lair:1)
  154 starcursed masses
  An elf simulacrum (Vaults:4)
  Blork the orc (D:5)
  5 kobold brigands
  A human zombie (Vaults:4)
  15 bullfrogs
  2 gnoll sergeants
  6 necrophages
  3 earth elementals
  A scorpion (shapeshifter) (Abyss:4)
  40 small abominations
  11 wights
  4 lindwurm simulacra (IceCv)
  6 howler monkeys
  4 electric eels
  A centaur zombie (Crypt:3)
  A black bear zombie (Crypt:2)
  2 lava snakes (Lair:2)
  2 quasits (Abyss:4)
  9 komodo dragon simulacra (IceCv)
  44 orc priests
  4 hounds
  3 jellies
  An iron imp (Abyss:3)
  9 iguanas
  17 orc wizards
  18 mummies
  20 gnolls
  3 acid dragon simulacra (IceCv)
  6 adders
  2 adders (shapeshifter) (Abyss:4)
  A steam dragon skeleton (Crypt:3)
  2 shadow imps (D:6)
  2 white imps (Abyss:4)
  4 ufetubi
  5 steam dragon simulacra (IceCv)
  A worm zombie (Crypt:1)
  A worm (D:2)
  A dart slug (D:2)
  A dart slug (shapeshifter) (Abyss:4)
  87 orcs
  7 spectral bats (Abyss:4)
  5 ball pythons
  11 bats
  2 endoplasms (shapeshifter) (Abyss:4)
  7 endoplasms
  2 giant cockroaches
  9 goblins
  11 hobgoblins
  7 jackals (D:2)
  A kobold (shapeshifter) (Abyss:4)
  2 quokkas
  A quokka (shapeshifter) (Abyss:4)
  A ball python skeleton (Crypt:1)
  A bat (shapeshifter) (Abyss:4)
  4 bat simulacra (Abyss:4)
  A dart slug zombie (Crypt:1)
  2 frilled lizards
  19 kobolds
  2 rats
  3 lurking horrors
  3 spectral weapons (Snake:1)
  38 starspawn tentacles
  A tentacle (Abyss:4)
3549 creatures vanquished.

Vanquished Creatures (others)
  A sphinx (Tomb:1)
  A fire giant (Crypt:1)
  A merfolk aquamancer (Shoals:4)
  2 deep elf knights
  A deep elf pyromancer (Elf:2)
  2 deep elf zephyrmancers
  A large abomination (Abyss:4)
  A naga (Snake:4)
  A small abomination (Abyss:3)
  An orc wizard (D:13)
  6 foxfires
  3 lurking horrors (Abyss:5)
  56 starspawn tentacles
  3 tentacles (Abyss:4)
80 creatures vanquished.

Grand Total: 3629 creatures vanquished

Notes
Turn   | Place    | Note
-------+----------+-------------------------------------------
     0 | D:1      | Kurtz the Tengu Fighter began the quest for the Orb.
     0 | D:1      | Reached XP level 1. HP: 14/14 MP: 2/2
   199 | D:1      | Reached XP level 2. HP: 14/19 MP: 3/3
   713 | D:2      | Reached XP level 3. HP: 23/23 MP: 4/4
  1040 | D:2      | Identified the +1 war axe of Transparent Punishment {venom,
                  | rN++}
  1524 | D:3      | Reached XP level 4. HP: 28/28 MP: 5/5
  1802 | D:3      | Found a faded altar of an unknown god.
  2029 | D:3      | Found Ikiti's Book Shoppe.
  2220 | D:4      | Reached skill level 5 in Axes
  2222 | D:4      | Gained mutation: Your magical nature lets you fly swiftly
                  | and evasively. [Tengu growth]
  2222 | D:4      | Reached XP level 5. HP: 21/32 MP: 6/6
  2688 | D:4      | Reached XP level 6. HP: 20/37 MP: 7/7
  2787 | D:4      | Noticed a black bear
  2793 | D:4      | Killed a black bear
  2823 | D:4      | Found Doweyp's Distillery.
  2830 | D:4      | Bought a potion of curing for 36 gold pieces
  2830 | D:4      | Bought a potion of berserk rage for 60 gold pieces
  2830 | D:4      | Bought a potion of lignification for 36 gold pieces
  2830 | D:4      | Bought a potion of attraction for 36 gold pieces
  3074 | D:5      | Entered Level 5 of the Dungeon
  3078 | D:5      | Reached XP level 7. HP: 38/41 MP: 8/8
  3098 | D:5      | Found a staircase to the Ecumenical Temple.
  3110 | Temple   | Entered the Ecumenical Temple
  3120 | Temple   | Became a worshipper of Warmaster Okawaru
  3347 | D:5      | Found Siumopro's Assorted Antiques.
  3461 | D:5      | Noticed Blork the orc
  3470 | D:5      | Killed Blork the orc
  3471 | D:5      | Reached skill level 1 in Dodging
  3618 | D:5      | Reached * piety under Okawaru
  3663 | D:5      | Reached skill level 1 in Invocations
  3663 | D:5      | Reached XP level 8. HP: 45/46 MP: 9/9
  4058 | D:6      | Reached skill level 10 in Axes
  4061 | D:6      | Reached ** piety under Okawaru
  4679 | D:6      | Reached XP level 9. HP: 52/52 MP: 11/11
  5330 | D:7      | Found a snail-covered altar of Cheibriados.
  5787 | D:7      | Reached skill level 5 in Fighting
  6195 | D:8      | Found Nesioheh's Book Emporium.
  6392 | D:8      | Reached *** piety under Okawaru
  6805 | D:8      | Reached XP level 10. HP: 60/60 MP: 13/13
  7046 | D:8      | Reached **** piety under Okawaru
  7727 | D:8      | Found a staircase to the Lair.
  7843 | D:9      | Found a flagged portal.
  7850 | Bailey   | Entered a bailey
  7863 | Bailey   | Reached ***** piety under Okawaru
  8022 | Bailey   | Noticed a vault guard
  8023 | Bailey   | Noticed Prince Ribbit
  8048 | Bailey   | Killed a vault guard
  8053 | Bailey   | Killed Prince Ribbit
  8054 | Bailey   | Reached XP level 11. HP: 54/67 MP: 13/15
  8176 | Bailey   | Reached skill level 5 in Dodging
  8351 | Bailey   | Noticed a vault guard
  8380 | Bailey   | Killed a vault guard
  8381 | Bailey   | Reached skill level 15 in Axes
  8547 | D:9      | Found a broken altar of Ashenzari.
  8748 | D:9      | Found a sacrificial altar of Ru.
  8943 | D:9      | Reached ****** piety under Okawaru
  9153 | D:9      | Noticed Psyche
  9318 | D:9      | Killed Psyche
  9457 | D:10     | Entered Level 10 of the Dungeon
  9468 | D:9      | Identified the +2 robe of Depression {Harm} (Okawaru gifted
                  | it to you on level 9 of the Dungeon)
  9468 | D:9      | Received a gift from Okawaru
  9959 | D:10     | Identified the +5 chain mail "Uhaki" {rElec Will- Int+2}
 10114 | D:9      | Reached skill level 5 in Invocations
 10453 | D:10     | Found a shimmering blue altar of Sif Muna.
 10499 | D:10     | Found a staircase to the Orcish Mines.
 10610 | D:10     | Noticed Erica
 10622 | D:10     | Killed Erica
 11396 | D:11     | Noticed a two-headed ogre
 11413 | D:11     | Killed a two-headed ogre
 11414 | D:11     | Reached XP level 12. HP: 75/75 MP: 16/16
 11416 | D:11     | Noticed a two-headed ogre
 11428 | D:11     | Killed a two-headed ogre
 12042 | Lair:1   | Entered Level 1 of the Lair of Beasts
 12118 | Lair:1   | Reached skill level 10 in Fighting
 12240 | Lair:1   | Found a gate leading to a gauntlet.
 12254 | Gauntlet | Entered a Gauntlet
 12254 | Gauntlet | Found a transporter.
 12298 | Gauntlet | Found a transporter.
 12300 | Gauntlet | Found a transporter.
 12308 | Gauntlet | Found a runed translucent gate.
 12308 | Gauntlet | Found a runed translucent gate.
 12308 | Gauntlet | Found a runed translucent gate.
 12310 | Gauntlet | Found a transporter.
 12313 | Gauntlet | Found a transporter.
 12322 | Gauntlet | Found a transporter.
 12344 | Gauntlet | Found a transporter.
 12355 | Gauntlet | Found a transporter.
 12359 | Gauntlet | Noticed a reaper
 12364 | Gauntlet | Noticed a wretched star
 12367 | Gauntlet | Found a transporter.
 12387 | Gauntlet | Found a transporter.
 12402 | Gauntlet | Found a transporter.
 12402 | Gauntlet | Found a transporter.
 12403 | Gauntlet | Found the +7 sceptre of Torment {pain, torment}
 12450 | Gauntlet | Found a transporter.
 12467 | Gauntlet | Found a transporter.
 12582 | Gauntlet | Received a gift from Okawaru
 12587 | Gauntlet | Reached skill level 5 in Shields
 12898 | Gauntlet | Identified the +0 cloak of the Solstice {rElec rN+ Int+2
                  | Stlth+}
 13042 | Gauntlet | Noticed a minotaur
 13050 | Gauntlet | Killed a minotaur
 13057 | Gauntlet | Got Muebliff's Monograph on Topological Concussion
 13389 | Lair:1   | Reached XP level 13. HP: 83/84 MP: 18/18
 13556 | Lair:1   | Identified the +1 spear of Dishonour {heavy, rPois Str+7}
 14678 | Lair:1   | Identified the scarf of the Blind Marksman {shadows,
                  | Rampage Str+2} (Okawaru gifted it to you on level 1 of the
                  | Lair of Beasts)
 14678 | Lair:1   | Received a gift from Okawaru
 14930 | Lair:1   | Found a runed translucent door.
 14954 | Lair:1   | Noticed a dire elephant
 15372 | Lair:2   | Found a staircase to the Shoals.
 15694 | Lair:2   | Found a frozen archway.
 15698 | IceCv    | Entered an ice cave
 16316 | IceCv    | Found the +8 frozen axe "Frostbite" {freeze, freezing
                  | cloud, *Noise Fly rC+}
 16542 | IceCv    | Noticed an ice dragon
 16560 | IceCv    | Killed an ice dragon
 16850 | Lair:2   | Found the +7 staff of the Meek {protect, meekguard}
 17493 | Lair:2   | Found a staircase to the Snake Pit.
 18063 | Lair:3   | Noticed Fannar
 18366 | D:4      | Bought a potion of magic for 96 gold pieces
 18366 | D:4      | Bought 2 potions of berserk rage for 120 gold pieces
 18507 | Orc:1    | Entered Level 1 of the Orcish Mines
 18739 | Orc:2    | Entered Level 2 of the Orcish Mines
 18756 | Orc:2    | Paralysed by an orc sorcerer for 3 turns
 18809 | Orc:2    | Found a staircase to the Elven Halls.
 18850 | Orc:2    | Found Eblengitz's Book Boutique.
 18881 | Orc:2    | Noticed an orc warlord
 18892 | Orc:2    | Received a gift from Okawaru
 18899 | Orc:2    | Killed an orc warlord
 19341 | Orc:2    | Reached XP level 14. HP: 25/92 MP: 20/20
 20405 | Orc:1    | Received a gift from Okawaru
 21535 | Orc:2    | Found Kolurgh's Magic Scroll Boutique.
 21535 | Orc:2    | Found Riecifie's Jewellery Boutique.
 21536 | Orc:2    | Found Piomib's Assorted Antiques.
 21536 | Orc:2    | Found Etufokk's Assorted Antiques.
 21542 | Orc:2    | Bought a scroll of enchant armour for 105 gold pieces
 21542 | Orc:2    | Bought a scroll of fear for 56 gold pieces
 21542 | Orc:2    | Bought a scroll of torment for 133 gold pieces
 21550 | Orc:2    | Bought a scroll of identify for 28 gold pieces
 21550 | Orc:2    | Bought a scroll of identify for 28 gold pieces
 21550 | Orc:2    | Bought a scroll of identify for 28 gold pieces
 21566 | Orc:2    | Bought 3 scrolls labelled GANOSI UZIED for 72 gold pieces
 21567 | Orc:2    | Bought a scroll of identify for 48 gold pieces
 21573 | Orc:2    | Bought a potion of resistance for 210 gold pieces
 21573 | Orc:2    | Bought a potion of berserk rage for 105 gold pieces
 21573 | Orc:2    | Bought a scroll of magic mapping for 157 gold pieces
 21593 | Orc:2    | Bought a ring of poison resistance for 280 gold pieces
 21849 | Lair:1   | Killed a dire elephant
 21977 | Lair:3   | Killed Fannar
 22292 | Lair:3   | Received a gift from Okawaru
 23074 | Lair:4   | Found a staircase to the Slime Pits.
 23074 | Lair:4   | Found a viscous altar of Jiyva.
 23233 | Lair:4   | Identified the +0 leather armour of Anarchy {rF+ Int+2}
 23267 | Lair:4   | Reached skill level 5 in Armour
 23528 | Lair:4   | Received a gift from Okawaru
 23954 | Lair:5   | Entered Level 5 of the Lair of Beasts
 23968 | Lair:5   | Found a runed translucent gate.
 23969 | Lair:5   | Found a runed translucent gate.
 23971 | Lair:5   | Found a runed translucent gate.
 23972 | Lair:5   | Noticed laqueoix's ghost (journeyman DsGl)
 24061 | Lair:5   | Reached XP level 15. HP: 92/100 MP: 21/21
 24332 | Lair:5   | Reached skill level 10 in Armour
 25120 | Lair:5   | Identified the +6 battleaxe of Valiance {flame, Str+5}
                  | (Okawaru gifted it to you on level 5 of the Lair of Beasts)
 25120 | Lair:5   | Received a gift from Okawaru
 25353 | Lair:5   | Identified the +5 great sword of Pride {antimagic, Will+
                  | Int+2}
 25814 | Orc:1    | Noticed an orc warlord
 25837 | Orc:1    | Killed an orc warlord
 26356 | D:4      | Bought 2 potions of berserk rage for 120 gold pieces
 26842 | D:11     | Received a gift from Okawaru
 27088 | D:11     | You are sucked into a shaft and drop 3 floors!
 27232 | D:14     | Found a transporter.
 27234 | D:14     | Noticed Athletesfoot's ghost (journeyman MiFi)
 27239 | D:14     | Found a transporter.
 27403 | D:14     | Reached XP level 16. HP: 106/106 MP: 22/22
 27565 | D:14     | Found a gate to the Vaults.
 27701 | D:13     | Found a white marble altar of Elyvilon.
 27813 | D:13     | Noticed Kirke
 27815 | D:13     | Noticed a sphinx
 27923 | D:13     | Noticed a sphinx
 27928 | D:13     | Killed Kirke
 28320 | D:13     | Found a transporter.
 28328 | D:13     | Noticed Wiggles's ghost (journeyman MiBe)
 28348 | D:13     | Found a transporter.
 28403 | D:13     | Noticed Sonja
 28410 | D:13     | Killed Sonja
 28955 | D:12     | Reached skill level 15 in Armour
 29339 | D:12     | Received a gift from Okawaru
 29680 | D:15     | Entered Level 15 of the Dungeon
 29831 | D:15     | Identified the ring "Raemotil" {rC++ rCorr Int+2 Dex+4}
 30550 | D:15     | Received a gift from Okawaru
 30589 | D:15     | Reached skill level 10 in Shields
 30617 | D:15     | Found a staircase to the Depths.
 31211 | Snake:1  | Entered Level 1 of the Snake Pit
 31326 | Snake:1  | Noticed Josephine
 31339 | Snake:1  | Killed Josephine
 31508 | Snake:1  | Noticed Rupert
 31528 | Snake:1  | Killed Rupert
 31612 | Snake:1  | Reached XP level 17. HP: 105/111 MP: 24/24
 31651 | Snake:1  | Noticed Nikola
 31688 | Snake:1  | Killed Nikola
 31893 | Snake:1  | Noticed Asterion
 32103 | Snake:1  | Found a runed translucent gate.
 32103 | Snake:1  | Found a runed translucent gate.
 32103 | Snake:1  | Found a runed translucent gate.
 32105 | Snake:1  | Noticed laqueoix's ghost (journeyman MiFi)
 32147 | Snake:1  | Noticed an Executioner
 32148 | Snake:1  | Killed Asterion
 32660 | Snake:1  | Received a gift from Okawaru
 33462 | Snake:2  | Found a runed translucent gate.
 33462 | Snake:2  | Found a runed translucent gate.
 33462 | Snake:2  | Found a runed translucent gate.
 33467 | Snake:2  | Noticed Bedghoklo's ghost (journeyman MiFi)
 33836 | Snake:3  | Identified the +8 tower shield of Zaregy {rElec Str+3 Int+2
                  | Slay-2} (Okawaru gifted it to you on level 3 of the Snake
                  | Pit)
 33836 | Snake:3  | Received a gift from Okawaru
 33898 | Snake:3  | Reached skill level 10 in Dodging
 34279 | Snake:3  | Identified the +8 battleaxe of Plog {flame, rC+ Will+}
 34369 | Snake:3  | Reached skill level 15 in Shields
 34553 | Snake:4  | Entered Level 4 of the Snake Pit
 34610 | Snake:4  | Noticed Bai Suzhen
 34625 | Snake:4  | Killed Bai Suzhen
 34626 | Snake:4  | Reached XP level 18. HP: 48/118 MP: 25/25
 34873 | Snake:4  | Identified the +0 ring mail of Temperance {Dex+4 SInv}
 34891 | Snake:4  | Found Cufanliril's Book Emporium.
 34893 | Snake:4  | Found Uhabbeets's Jewellery Boutique.
 34894 | Snake:4  | Found Zinuxo's Book Emporium.
 35048 | Snake:4  | Noticed Aizul
 35054 | Snake:4  | Reached skill level 15 in Fighting
 35066 | Snake:4  | Killed Aizul
 35083 | Snake:4  | Received a gift from Okawaru
 35380 | Snake:4  | Received a gift from Okawaru
 35607 | Snake:4  | Got a serpentine rune of Zot
 35818 | Snake:4  | Bought the ring "Bewnak" {rN+ Will+ Int+2} for 646 gold
                  | pieces
 36008 | Shoals:1 | Entered Level 1 of the Shoals
 36303 | Shoals:1 | Found the sphere of Battle
 36328 | Shoals:1 | Reached XP level 19. HP: 115/125 MP: 3/26
 36561 | Shoals:1 | Received a gift from Okawaru
 36691 | Shoals:1 | Found Ixzarook's Assorted Antiques.
 36705 | Shoals:1 | Bought a potion of heal wounds for 155 gold pieces
 36822 | Shoals:1 | Found Cano Hakuicu's Merfolk Armours.
 36829 | Shoals:1 | Found Cano Hakuicu's Merfolk Magic.
 36829 | Shoals:1 | Found Cano Hakuicu's Merfolk Weapons.
 38125 | Shoals:3 | Found Aqerotey's Self-Improvement Boutique.
 38517 | Shoals:3 | Identified the +8 spear "Penu" {venom, rCorr Dex+3}
 38852 | Shoals:4 | Entered Level 4 of the Shoals
 38898 | Shoals:4 | Identified the +1 chain mail of Okawaru's Wrath {Int+3
                  | Dex+2 Stlth+} (Okawaru gifted it to you on level 4 of the
                  | Shoals)
 38898 | Shoals:4 | Received a gift from Okawaru
 39171 | Shoals:4 | Identified the +0 scale mail of the Equator {Harm *Corrode
                  | +Inv rElec}
 39205 | Shoals:4 | Identified the amulet "Couphaov" {Acrobat rPois Will- Int+2
                  | Dex+5}
 39209 | Shoals:4 | Got a barnacled rune of Zot
 39624 | Shoals:4 | Paralysed by an air elemental for 1 turns
 39698 | Shoals:4 | Paralysed by an air elemental for 1 turns
 39704 | Shoals:4 | Paralysed by an air elemental for 1 turns
 39758 | Shoals:4 | Reached skill level 10 in Invocations
 40671 | Vaults:1 | Entered Level 1 of the Vaults
 41120 | Vaults:1 | Reached XP level 20. HP: 103/133 MP: 0/28
 41928 | Vaults:1 | Received a gift from Okawaru
 43010 | Vaults:2 | Identified the +0 crystal plate armour of Ulaupoy {Dex+4}
                  | (Okawaru gifted it to you on level 2 of the Vaults)
 43010 | Vaults:2 | Received a gift from Okawaru
 43014 | Vaults:2 | Noticed Zenata
 43082 | Vaults:2 | Killed Zenata
 43688 | Abyss:3  | Cast into level 3 of the Abyss (a wizard)
 43692 | Abyss:3  | Found a corrupted altar of Lugonu.
 43817 | Abyss:3  | Noticed a bone dragon
 43836 | Abyss:3  | Killed a bone dragon
 43874 | Abyss:3  | Reached XP level 21. HP: 141/141 MP: 5/30
 43913 | Abyss:3  | Noticed a bone dragon
 43933 | Abyss:3  | Killed a bone dragon
 43933 | Abyss:3  | Identified the scarf "Joify" {repulsion, Regen+ Str+4
                  | Dex-4} (Okawaru gifted it to you on level 3 of the Abyss)
 43933 | Abyss:3  | Received a gift from Okawaru
 44089 | Abyss:3  | Paralysed by accursed screaming for 1 turns
 44153 | Vaults:2 | Escaped the Abyss
 44639 | Vaults:2 | Found Wukis's Magic Scroll Boutique.
 44845 | Vaults:2 | Found Tuzo's Magic Scroll Boutique.
 45055 | Vaults:2 | Found Duunnodaer's Antique Weapon Shop.
 45134 | Vaults:2 | Found Kimigg Qoewn's Antique Armour Shop.
 45157 | Vaults:2 | Got the Lessons on Position and Amathomancy
 45165 | Vaults:2 | Found Jecidiw's Antique Weapon Boutique.
 45573 | Vaults:3 | Received a gift from Okawaru
 45950 | Vaults:3 | Found a staircase to the Crypt.
 45950 | Vaults:3 | Found a basalt altar of Yredelemnul.
 45950 | Vaults:3 | Found an ancient bone altar of Kikubaaqudgha.
 46577 | Vaults:3 | Reached skill level 15 in Dodging
 46866 | Vaults:3 | Identified the +3 chain mail of Samegg {MP+9 Str+3}
                  | (Okawaru gifted it to you on level 3 of the Vaults)
 46866 | Vaults:3 | Received a gift from Okawaru
 47380 | Vaults:4 | Found a huge runed gate.
 47380 | Vaults:4 | Found a huge runed gate.
 47397 | Vaults:4 | Found a huge runed gate.
 47397 | Vaults:4 | Found a huge runed gate.
 47397 | Vaults:4 | Found a huge runed gate.
 47398 | Vaults:4 | Found a huge runed gate.
 47398 | Vaults:4 | Found a huge runed gate.
 47398 | Vaults:4 | Found a huge runed gate.
 47400 | Vaults:4 | Found a huge runed gate.
 47400 | Vaults:4 | Found a huge runed gate.
 47400 | Vaults:4 | Found a huge runed gate.
 47400 | Vaults:4 | Found a huge runed gate.
 47400 | Vaults:4 | Found a huge runed gate.
 47401 | Vaults:4 | Found a huge runed gate.
 47402 | Vaults:4 | Found a huge runed gate.
 47403 | Vaults:4 | Found a huge runed gate.
 47404 | Vaults:4 | Found a huge runed gate.
 47411 | Vaults:4 | Found a huge runed gate.
 47411 | Vaults:4 | Found a huge runed gate.
 47411 | Vaults:4 | Found a huge runed gate.
 47411 | Vaults:4 | Found a huge runed gate.
 47411 | Vaults:4 | Found a huge runed gate.
 47412 | Vaults:4 | Found a huge runed gate.
 47413 | Vaults:4 | Found a huge runed gate.
 47414 | Vaults:4 | Found a huge runed gate.
 47415 | Vaults:4 | Found a huge runed gate.
 47422 | Vaults:4 | Found a huge runed gate.
 47422 | Vaults:4 | Found a huge runed gate.
 47422 | Vaults:4 | Found a huge runed gate.
 47422 | Vaults:4 | Found a huge runed gate.
 47422 | Vaults:4 | Found a huge runed gate.
 47423 | Vaults:4 | Found a huge runed gate.
 47519 | Vaults:4 | Reached XP level 22. HP: 148/148 MP: 2/31
 48794 | Vaults:4 | Found a huge runed gate.
 48795 | Vaults:4 | Found a huge runed gate.
 48796 | Vaults:4 | Found a huge runed gate.
 48803 | Vaults:4 | Found a huge runed gate.
 48844 | Vaults:4 | Identified the +0 robe of Summer {Rampage}
 49224 | Vaults:4 | Identified the +1 pair of gloves of Melancholy {Harm Will+
                  | Str+4 Stlth-} (Okawaru gifted it to you on level 4 of the
                  | Vaults)
 49224 | Vaults:4 | Received a gift from Okawaru
 49471 | Vaults:4 | Noticed a dread lich
 49471 | Vaults:4 | Noticed a dread lich
 49684 | Vaults:4 | Killed a dread lich
 49732 | Vaults:4 | Noticed a golden dragon
 50009 | Vaults:4 | Killed a dread lich
 50026 | Vaults:4 | Killed a golden dragon
 50323 | Vaults:4 | Identified the +11 hand axe "Lataec" {flame, *Corrode Int+3
                  | Dex+4}
 50387 | Vaults:5 | Entered Level 5 of the Vaults
 50560 | Elf:1    | Entered Level 1 of the Elven Halls
 51441 | Elf:2    | Found Lujeem's Weapon Shop.
 51588 | Elf:2    | Reached XP level 23. HP: 153/153 MP: 32/32
 51635 | Elf:2    | Identified the +12 crystal plate armour of the Holding Gods
                  | {Harm rN++ Will- Int+3} (Okawaru gifted it to you on level
                  | 2 of the Elven Halls)
 51635 | Elf:2    | Received a gift from Okawaru
 51752 | Elf:2    | Found a portal to a secret trove of treasure.
 51861 | Elf:2    | Found a huge runed translucent gate.
 51890 | Elf:2    | Found a huge runed translucent gate.
 51891 | Elf:2    | Found a huge runed translucent gate.
 51892 | Elf:2    | Found a huge runed translucent gate.
 51897 | Elf:2    | Found a huge runed translucent gate.
 51987 | Elf:2    | Found Addeahu's Antique Armour Shop.
 52040 | Elf:2    | Paralysed by an air elemental for 1 turns
 52591 | Elf:3    | Entered Level 3 of the Elven Halls
 53163 | Elf:3    | Identified the +6 war axe of the Tomato {vamp, Dex+6
                  | Stlth+}
 54275 | Abyss:3  | Cast into level 3 of the Abyss (a deep elf sorcerer)
 54485 | Abyss:3  | Received a gift from Okawaru
 54521 | Elf:3    | Escaped the Abyss
 56252 | Elf:3    | Reached XP level 24. HP: 159/159 MP: 32/32
 56273 | Elf:3    | Identified the +1 scale mail of the Catamount {Regen+}
 56321 | Elf:3    | Got the Secrets of Impulse
 56324 | Elf:3    | Identified the +1 pair of boots of Cosysig {rPois}
 56736 | Snake:4  | Bought the ring "Guxafadu" {rF+ Slay+4} for 1472 gold
                  | pieces
 57662 | Vaults:5 | Identified the +1 robe of Happy Babbling {rF- Str+3}
                  | (Okawaru gifted it to you on level 5 of the Vaults)
 57662 | Vaults:5 | Received a gift from Okawaru
 57993 | Vaults:5 | Identified the +0 quarterstaff of the Poles {elec, +Blink
                  | Int-2 Stlth+}
 58039 | Vaults:5 | Identified the ring "Kuniof" {Drain Fly rElec rF+ rC++}
 58043 | Vaults:5 | Identified the +10 mace "Killer Klown's Curse" {holy, Fly}
 58073 | Vaults:5 | Received a gift from Okawaru
 58720 | Vaults:5 | Got a silver rune of Zot
 58837 | Vaults:5 | Identified the +5 ring mail of Jigsaw {Regen+ Dex-5 SInv
                  | Stlth+}
 59041 | Vaults:5 | Noticed Mara
 59042 | Vaults:5 | Noticed Kurtz's illusion
 59054 | Vaults:5 | Killed Mara
 59056 | Vaults:5 | Reached XP level 25. HP: 163/164 MP: 33/33
 59356 | Vaults:5 | Identified the ring "Neynaybb" {Ice Str+2 Int+4 Dex+2
                  | Stlth-}
 59842 | Depths:1 | Entered Level 1 of the Depths
 59844 | Depths:1 | Noticed the Enchantress
 59850 | Depths:1 | Received a gift from Okawaru
 59865 | Depths:1 | Killed the Enchantress
 60002 | Depths:1 | Found a huge runed gate.
 60002 | Depths:1 | Found a huge runed gate.
 60003 | Depths:1 | Found a huge runed gate.
 60004 | Depths:1 | Found a huge runed gate.
 60195 | Depths:1 | Found a one-way gate to the infinite horrors of the Abyss.
 60254 | Depths:1 | Found a gateway to Hell.
 60290 | Depths:1 | Found a huge runed gate.
 60290 | Depths:1 | Found a huge runed gate.
 60291 | Depths:1 | Found a huge runed gate.
 60291 | Depths:1 | Found a huge runed gate.
 60291 | Depths:1 | Found a huge runed gate.
 60293 | Depths:1 | Found a huge runed gate.
 60293 | Depths:1 | Found a huge runed gate.
 60301 | Depths:1 | Found a huge runed gate.
 60302 | Depths:1 | Found a huge runed gate.
 60302 | Depths:1 | Found a huge runed gate.
 60306 | Depths:1 | Found a huge runed gate.
 60306 | Depths:1 | Found a huge runed gate.
 60306 | Depths:1 | Found a huge runed gate.
 60306 | Depths:1 | Found a huge runed gate.
 60307 | Depths:1 | Found a huge runed gate.
 60308 | Depths:1 | Found a huge runed gate.
 60309 | Depths:1 | Found a huge runed gate.
 60310 | Depths:1 | Found a huge runed gate.
 60317 | Depths:1 | Found a huge runed gate.
 60317 | Depths:1 | Found a huge runed gate.
 60317 | Depths:1 | Found a huge runed gate.
 60317 | Depths:1 | Found a huge runed gate.
 60317 | Depths:1 | Found a huge runed gate.
 60318 | Depths:1 | Found a huge runed gate.
 60319 | Depths:1 | Found a huge runed gate.
 60320 | Depths:1 | Found a huge runed gate.
 60322 | Depths:1 | Found a huge runed gate.
 60328 | Depths:1 | Found a huge runed gate.
 60328 | Depths:1 | Found a huge runed gate.
 60328 | Depths:1 | Found a huge runed gate.
 60352 | Depths:1 | Found a huge runed gate.
 60964 | Elf:2    | You paid a toll of +2 gold dragon scales to enter a
                  | treasure trove
 60965 | Trove    | Entered a treasure trove
 61008 | Trove    | Identified the +3 war axe "Parghyuxo" {pain, Drain rN+
                  | rCorr Dex+4}
 61010 | Trove    | Identified the ring "Plog" {rPois EV+5}
 61021 | Trove    | Found the +9 staff of Olgreb {rPois∞}
 61025 | Trove    | Identified the amulet of Rationality {Acrobat Will+ Stlth+}
 61039 | Trove    | Identified the ring of Temptation {rN+ Will++}
 61042 | Trove    | Identified the -2 tower shield of Free Will {rC++}
 61053 | Trove    | Identified the +1 ring mail of Jaseuw {rC+ Regen+ Int+8
                  | Dex-3 Stlth-}
 61058 | Trove    | Identified the +0 hat of Gravitas {Rampage rC+++ Int+3
                  | Slay-5}
 61783 | Depths:1 | Found a huge runed gate.
 62315 | Depths:2 | Identified the +0 robe of the Cockatrice {Harm *Corrode
                  | Dex+3 Archmagi}
 62465 | Depths:2 | Found a transporter.
 62466 | Depths:2 | Found a transporter.
 62598 | Depths:2 | Identified the +3 plate armour of the Komodo Dragon {SInv}
                  | (Okawaru gifted it to you on level 2 of the Depths)
 62598 | Depths:2 | Received a gift from Okawaru
 62652 | Depths:2 | Found a one-way gate leading to the halls of Pandemonium.
 63450 | Depths:3 | Reached XP level 26. HP: 147/170 MP: 33/33
 63585 | Depths:3 | Found a radiant altar of Vehumet.
 63791 | Depths:3 | Received a gift from Okawaru
 64098 | Depths:3 | Noticed a juggernaut
 64110 | Depths:3 | Killed a juggernaut
 64129 | Depths:3 | Noticed a juggernaut
 64136 | Depths:3 | Killed a juggernaut
 64137 | Depths:3 | Noticed a juggernaut
 64150 | Depths:3 | Killed a juggernaut
 64152 | Depths:3 | Received a gift from Okawaru
 64184 | Depths:3 | Got the Lessons on the Shift and the Valley
 64198 | Depths:3 | Identified the +7 great sword "Ujeintok" {heavy, rElec
                  | Dex+2}
 64220 | Depths:3 | Identified the +3 battleaxe of Jyhicyrchu {freeze, rF+
                  | Str+4 Int+3 Dex-5}
 64778 | Depths:4 | Entered Level 4 of the Depths
 64913 | Depths:4 | Found a one-way gateway to a ziggurat.
 64922 | Depths:4 | Paralysed by a floating eye for 2 turns
 65404 | Depths:4 | Reached skill level 27 in Shields
 65708 | Depths:4 | Found a gate to the Realm of Zot.
 66581 | Temple   | Fell from the grace of Okawaru
 66581 | Temple   | Became a worshipper of the Shining One
 67078 | D:13     | Killed Wiggles's ghost
 67211 | D:13     | Identified the +3 scale mail of the Heron {Dex+4}
 67290 | D:14     | Killed Athletesfoot's ghost
 67373 | D:14     | Got the Volume of Sulphur
 67753 | Orc:2    | Bought a scroll of summoning for 133 gold pieces
 68096 | Snake:1  | Killed laqueoix's ghost
 68182 | Snake:2  | Killed Bedghoklo's ghost
 68297 | Lair:5   | Reached skill level 1 in Stealth
 68299 | Lair:5   | Killed laqueoix's ghost
 68300 | Lair:5   | Reached XP level 27. HP: 174/176 MP: 33/33
 68609 | Crypt:1  | Entered Level 1 of the Crypt
 68852 | Crypt:1  | Reached * piety under the Shining One
 69073 | Crypt:1  | Reached ** piety under the Shining One
 69091 | Crypt:1  | Noticed Donald
 69100 | Crypt:1  | Killed Donald
 69766 | Crypt:2  | Reached *** piety under the Shining One
 69781 | Crypt:2  | Noticed a royal mummy
 69788 | Crypt:2  | Killed a royal mummy
 69793 | Crypt:2  | Noticed Khufu
 69794 | Crypt:2  | Noticed a royal mummy
 69818 | Crypt:2  | Reached **** piety under the Shining One
 70415 | Crypt:2  | Killed a royal mummy
 70754 | Crypt:2  | Found a basalt altar of Yredelemnul.
 70836 | Crypt:2  | Killed Khufu
 71246 | Crypt:3  | Entered Level 3 of the Crypt
 71246 | Crypt:3  | Reached ***** piety under the Shining One
 71891 | Crypt:3  | Reached ****** piety under the Shining One
 72811 | Crypt:3  | Paralysed by a sphinx for 2 turns
 73274 | Crypt:3  | Identified a +9 broad axe of holy wrath (a +9 broad axe of
                  | flaming blessed by the Shining One)
 73274 | Crypt:3  | Received a gift from the Shining One
 73511 | Crypt:3  | Identified the amulet of Wonder {rF+ Regen+ Dex+5}
 73554 | Crypt:3  | Identified the ring "Ydaox" {rF+ rN+ Str-4 Dex+2}
 73554 | Crypt:3  | Noticed a royal mummy
 73568 | Crypt:3  | Killed a royal mummy
 73915 | Vaults:2 | Bought a scroll of blinking for 127 gold pieces
 73915 | Vaults:2 | Bought a scroll of teleportation for 51 gold pieces
 73917 | Vaults:2 | Bought a scroll of fog for 68 gold pieces
 74250 | Shoals:1 | Bought a potion of curing for 93 gold pieces
 74566 | Vaults:2 | Bought a scroll of blinking for 142 gold pieces
 74566 | Vaults:2 | Bought a scroll of fog for 76 gold pieces
 74566 | Vaults:2 | Bought a scroll of teleportation for 57 gold pieces
 74881 | Shoals:3 | Bought a manual of Dodging for 1280 gold pieces
 74946 | Shoals:1 | Bought a scroll of teleportation for 300 gold pieces
 75220 | Orc:2    | Bought a scroll of fear for 84 gold pieces
 76336 | Crypt:3  | Found a staircase to the Tomb.
 76731 | Crypt:3  | Identified the ring of Kisoz {rN+ Dex+4}
 76920 | Tomb:1   | Entered Level 1 of the Tomb of the Ancients
 77049 | Tomb:1   | Noticed Mennas
 77107 | Tomb:1   | Killed Mennas
 77596 | Temple   | Fell from the grace of the Shining One
 77596 | Temple   | Became a worshipper of Zin the Law-Giver
 77596 | Temple   | Reached * piety under Zin
 77596 | Temple   | Reached ** piety under Zin
 77596 | Temple   | Reached *** piety under Zin
 77596 | Temple   | Reached **** piety under Zin
 77596 | Temple   | Reached ***** piety under Zin
 77871 | Depths:1 | Learned a level 8 spell: Ignition
 77881 | Depths:1 | Learned a level 9 spell: Fire Storm
 77884 | Depths:1 | Learned a level 2 spell: Passwall
 77885 | Depths:1 | Voluntarily entered the Abyss.
 77910 | Abyss:3  | Found a corrupted altar of Lugonu.
 77962 | Depths:1 | Escaped the Abyss
 77964 | Depths:1 | Voluntarily entered the Abyss.
 77996 | Depths:1 | Escaped the Abyss
 77998 | Depths:1 | Voluntarily entered the Abyss.
 78055 | Abyss:4  | Noticed a dread lich
 78068 | Abyss:4  | Killed a dread lich
 78072 | Depths:1 | Escaped the Abyss
 78074 | Depths:1 | Voluntarily entered the Abyss.
 78129 | Depths:1 | Escaped the Abyss
 78131 | Depths:1 | Voluntarily entered the Abyss.
 78161 | Abyss:4  | Found a corrupted altar of Lugonu.
 78185 | Abyss:4  | Found a corrupted altar of Lugonu.
 78296 | Abyss:4  | Paralysed by accursed screaming for 1 turns
 78390 | Depths:1 | Escaped the Abyss
 78477 | Depths:1 | Voluntarily entered the Abyss.
 78527 | Abyss:4  | Noticed a dread lich
 78540 | Abyss:4  | Killed a dread lich
 78612 | Abyss:4  | Found a corrupted altar of Lugonu.
 78707 | Abyss:4  | Paralysed by accursed screaming for 1 turns
 78835 | Depths:1 | Escaped the Abyss
 78868 | Depths:1 | Was forgiven by Okawaru
 78970 | Depths:1 | Voluntarily entered the Abyss.
 78980 | Abyss:4  | Got an abyssal rune of Zot
 78983 | Abyss:4  | Paralysed by accursed screaming for 1 turns
 79511 | Depths:1 | Escaped the Abyss
 79513 | Depths:1 | Voluntarily entered the Abyss.
 79641 | Abyss:4  | Learned a level 3 spell: Ignite Poison
 79646 | Abyss:4  | Learned a level 4 spell: Passage of Golubria
 79657 | Abyss:4  | Reached ****** piety under Zin
 79663 | Depths:1 | Escaped the Abyss
 79665 | Depths:1 | Voluntarily entered the Abyss.
 79741 | Depths:1 | Escaped the Abyss
 79743 | Depths:1 | Voluntarily entered the Abyss.
 79752 | Abyss:4  | Found a corrupted altar of Lugonu.
 79761 | Abyss:4  | Found a corrupted altar of Lugonu.
 79771 | Depths:1 | Escaped the Abyss
 79773 | Depths:1 | Voluntarily entered the Abyss.
 79774 | Abyss:4  | Found a corrupted altar of Lugonu.
 79854 | Depths:1 | Escaped the Abyss
 79856 | Depths:1 | Voluntarily entered the Abyss.
 80128 | Depths:1 | Escaped the Abyss
 80130 | Depths:1 | Voluntarily entered the Abyss.
 80180 | Abyss:4  | Found a corrupted altar of Lugonu.
 80238 | Abyss:4  | Found a corrupted altar of Lugonu.
 80246 | Depths:1 | Escaped the Abyss
 80248 | Depths:1 | Voluntarily entered the Abyss.
 80312 | Depths:1 | Escaped the Abyss
 80314 | Depths:1 | Voluntarily entered the Abyss.
 80371 | Abyss:4  | Found a burning altar of Makhleb.
 80420 | Abyss:4  | Found a corrupted altar of Lugonu.
 80442 | Depths:1 | Escaped the Abyss
 80444 | Depths:1 | Voluntarily entered the Abyss.
 80552 | Abyss:4  | Found a corrupted altar of Lugonu.
 80686 | Depths:1 | Escaped the Abyss
 80688 | Depths:1 | Voluntarily entered the Abyss.
 80801 | Depths:1 | Escaped the Abyss
 80803 | Depths:1 | Voluntarily entered the Abyss.
 80812 | Depths:1 | Escaped the Abyss
 80814 | Depths:1 | Voluntarily entered the Abyss.
 80864 | Depths:1 | Escaped the Abyss
 80866 | Depths:1 | Voluntarily entered the Abyss.
 81044 | Depths:1 | Escaped the Abyss
 81046 | Depths:1 | Voluntarily entered the Abyss.
 81196 | Depths:1 | Escaped the Abyss
 81198 | Depths:1 | Voluntarily entered the Abyss.
 81325 | Abyss:4  | Found a corrupted altar of Lugonu.
 81344 | Depths:1 | Escaped the Abyss
 81346 | Depths:1 | Voluntarily entered the Abyss.
 81418 | Abyss:4  | Paralysed by accursed screaming for 1 turns
 81503 | Depths:1 | Escaped the Abyss
 81505 | Depths:1 | Voluntarily entered the Abyss.
 81549 | Abyss:4  | Found a corrupted altar of Lugonu.
 81565 | Abyss:4  | Found a corrupted altar of Lugonu.
 81594 | Abyss:5  | Found a corrupted altar of Lugonu.
 81598 | Depths:1 | Escaped the Abyss
 81600 | Depths:1 | Voluntarily entered the Abyss.
 81600 | Abyss:5  | Found a corrupted altar of Lugonu.
 81720 | Depths:1 | Escaped the Abyss
 81722 | Depths:1 | Voluntarily entered the Abyss.
 81733 | Abyss:5  | Found a broken altar of Ashenzari.
 81980 | Depths:1 | Escaped the Abyss
 82135 | Depths:1 | Voluntarily entered the Abyss.
 82170 | Abyss:5  | Found a corrupted altar of Lugonu.
 82343 | Depths:1 | Escaped the Abyss
 82414 | Depths:1 | Voluntarily entered the Abyss.
 82465 | Depths:1 | Escaped the Abyss
 82467 | Depths:1 | Voluntarily entered the Abyss.
 82596 | Abyss:5  | Found a corrupted altar of Lugonu.
 82623 | Depths:1 | Escaped the Abyss
 82625 | Depths:1 | Voluntarily entered the Abyss.
 82632 | Abyss:5  | Found a corrupted altar of Lugonu.
 82812 | Depths:1 | Escaped the Abyss
 82814 | Depths:1 | Voluntarily entered the Abyss.
 82814 | Abyss:5  | Found a corrupted altar of Lugonu.
 82863 | Abyss:5  | Found an ancient bone altar of Kikubaaqudgha.
 82864 | Abyss:5  | Found a corrupted altar of Lugonu.
 82957 | Depths:1 | Escaped the Abyss
 82959 | Depths:1 | Voluntarily entered the Abyss.
 82967 | Abyss:5  | Reached skill level 27 in Fighting
 83010 | Abyss:5  | Reached skill level 15 in Invocations
 83017 | Abyss:5  | Paralysed by a floating eye for 4 turns
 83104 | Depths:1 | Escaped the Abyss
 83106 | Depths:1 | Voluntarily entered the Abyss.
 83118 | Depths:1 | Escaped the Abyss
 83120 | Depths:1 | Voluntarily entered the Abyss.
 83146 | Depths:1 | Escaped the Abyss
 83148 | Depths:1 | Voluntarily entered the Abyss.
 83361 | Depths:1 | Escaped the Abyss
 83500 | Depths:1 | Voluntarily entered the Abyss.
 83503 | Abyss:5  | Found a corrupted altar of Lugonu.
 83515 | Abyss:5  | Reached skill level 27 in Dodging
 83637 | Abyss:5  | Noticed a dread lich
 83643 | Abyss:5  | Killed a dread lich
 83709 | Depths:1 | Escaped the Abyss
 83790 | Depths:1 | Voluntarily entered the Abyss.
 83790 | Abyss:5  | Found a corrupted altar of Lugonu.
 83853 | Depths:1 | Escaped the Abyss
 83855 | Depths:1 | Voluntarily entered the Abyss.
 83902 | Abyss:5  | Noticed a dread lich
 83916 | Abyss:5  | Killed a dread lich
 83975 | Depths:1 | Escaped the Abyss
 83977 | Depths:1 | Voluntarily entered the Abyss.
 84159 | Depths:1 | Escaped the Abyss
 84161 | Depths:1 | Voluntarily entered the Abyss.
 84538 | Depths:1 | Escaped the Abyss
 84738 | Zot:1    | Entered Level 1 of the Realm of Zot
 84739 | Zot:1    | Noticed an orb of fire
 84752 | Zot:1    | Killed an orb of fire
 85025 | Zot:1    | HP: 6/199 [poisoned by a green draconian (poison gas)]
 85026 | Depths:4 | Succumbed to a green draconian's poison gas

Illustrated notes

Levels and vault maps discovered:
D:1:      dpeg_arrival_simpleton_c, layout_rooms, hex_medium
D:2:      minmay_angry_zag, layout_loops_corners, chequers_serial_rivers_micro_a
D:3:      layout_loops_ring, serial_shops, nicolae_shop_pleasant_corner_grove,
          hellmonk_ecumenical_altar_zigzags
D:4:      layout_loops_cross, serial_shops, shop, grunt_tough_drop
D:5:      layout_basic, minmay_temple_entry_offerings, serial_shops, shop,
          uniq_blork_the_orc
D:6:      layout_basic, serial_glass, glass_columns_b, glass_columns_b,
          glass_columns_a, glass_columns_c, glass_columns_a, glass_columns_b,
          glass_columns_b, glass_columns_c, glass_columns_b, glass_columns_b,
          glass_columns_c, glass_columns_a, glass_columns_a, glass_columns_a,
          hex_tiny
D:7:      layout_loops_ring, old_standard_altar, kennysheep_small_circle
D:8:      layout_basic, erik_lair_dragon, serial_shops, nicolae_shop_trees
D:9:      layout_long_grid, mainiacjoe_overflow_catch_the_wave, enter_bailey_2,
          uniq_psyche
D:10:     layout_basic, nicolae_sif_muna_little_library, erik_orc_4, uniq_erica
D:11:     minmay_the_grid_3x2 [minmay_the_grid_slots,
          minmay_the_grid_outer_circle, minmay_the_grid_expand,
          minmay_the_grid_minigrid_large, minmay_the_grid_rooms,
          minmay_the_grid_prize_shrinking_boxes], layout_basic,
          kennysheep_generic_room_14
D:12:     layout_roguey
D:13:     layout_loops_ring, nzn_ghost_randoct, elyvilon_altar_5, uniq_kirke,
          uniq_sonja
D:14:     layout_cross, erik_vaults_1, gammafunk_ghost_smash
D:15:     grunt_enter_depths_snipers, layout_stronghold, st_stairs_1,
          kb_tengu_band
Temple:   nicolae_temple_two_arcs
Lair:1:   gammafunk_lair_enchanted_lake, layout_layer_cave,
          gauntlet_entry_generic, nzn_random_ring
Lair:2:   layout_chaotic_city, elwin_shoals_entry_stream,
          nicolae_snake_entry_warm_welcome, portal_ice_cave_entry_pillars_1,
          minivault_25, lemuel_fruit_fields
Lair:3:   layout_regular_city, uniq_fannar
Lair:4:   layout_regular_city, slime_entry_1, pdpol_lair_cavern_descent
Lair:5:   hangedman_lair_tendril_chambers, layout_big_grid,
          guppyfry_lair_end_dragon, gammafunk_ghost_hydra_chop
Shoals:1: nicolae_shoals_mermall, layout_shoals, serial_shops, shop
Shoals:2: layout_shoals
Shoals:3: layout_shoals, nicolae_shop_self_help
Shoals:4: shoals_end_hellmonk_storm_palace [storm_palace_center_ruins,
          storm_palace_corner_blocked, storm_palace_corner_pillars,
          storm_palace_corner_grid, storm_palace_corner_reverse_hut]
Snake:1:  layout_rooms, ebering_ghost_rock_garden, hangedman_venom_bottle,
          uniq_josephine, uniq_asterion, uniq_nikola, uniq_rupert
Snake:2:  layout_rooms, ebering_ghost_rock_garden, lemuel_fruit_tree
Snake:3:  layout_rooms, nicolae_triple_integral
Snake:4:  grunt_snake_rune_pools, layout_concentric_octagons, minmay_shop_grove,
          serial_bayou_shore_a, serial_bayou_shore_b, uniq_aizul,
          uniq_bai_suzhen
Orc:1:    layout_caves, mines2_lemuel
Orc:2:    st_orc_pillars, layout_caves, serial_shops, nicolae_book_shop_shelving
Elf:1:    eino_elf_arrival_sip, layout_geoelf_diagonals,
          hangedman_corner_corridor
Elf:2:    elven_hall_of_blades_hangedman_alternative
          [nicolae_blade_entry_area_security], layout_rooms, serial_shops,
          nicolae_shop_bloodbath_and_beyond, nicolae_square_shop,
          nicolae_trove_entry_diagonal
Elf:3:    minmay_elf_hall_golems, layout_geoelf_octagon
Vaults:1: vaults_room_grunt_arrival_ludios, nicolae_vaults_trapezoid_1,
          nicolae_vaults_layer_cake_slice, grunt_vaults_funnel,
          nicolae_vaults_double_plus_2, nicolae_vaults_halls_meeting,
          vaults_room_fours, ontoclasm_vaults_gateway,
          ontoclasm_vaults_ring_square, nicolae_vaults_house_1,
          vaults_mumra_hex, nicolae_vaults_border_crossing,
          layout_vaults_omnicross
Vaults:2: nicolae_vaults_tetromino_T_1, nicolae_vaults_asterisk,
          hangedman_vaults_pinch, nicolae_vaults_stepped_doors, v_misc_11,
          vaults_dpeg_spiral, nicolae_vaults_octothorpe, nicolae_vaults_house_1,
          hangedman_vaults_slice, st_octagons_1,
          nicolae_vaults_storage_closets_2, vaults_room_stairs_pillars,
          vaults_room_fours, v_misc_13, layout_vaults_maze, serial_shops, shop,
          nicolae_shop_crystal, shop, nicolae_shop_behind_doors,
          nicolae_shop_peninsula, uniq_zenata
Vaults:3: v_pattern_2, nicolae_vaults_murderbox, minmay_crypt_entry_necro_gods,
          vaults_standard_mumra_lines, vaults_room_octagon,
          nicolae_vaults_rhombus_7, nicolae_vaults_more_shelving_2,
          vaults_mumra_hexcomb, hangedman_vaults_stretched_pinwheel,
          dpeg_vaults_monster_box, nicolae_vaults_door_testing_chamber,
          layout_vaults_omnibox
Vaults:4: v_misc_18, v_alt_pattern_2, nicolae_vaults_little_squares_5,
          nicolae_vaults_network_s, nicolae_vaults_trapezoid_4,
          nicolae_vaults_trapezoid_layered, door_vault,
          hangedman_vaults_stretched_pinwheel, grunt_vaults_diagonal,
          ontoclasm_vaults_hangar, nicolae_vaults_closet_pinwheel_2,
          ontoclasm_vaults_bender, ontoclasm_vaults_decontamination,
          vaults_room_corners, hangedman_vaults_maws, layout_vaults_ring
Vaults:5: uniq_mara
Crypt:1:  layout_misc_corridors, grunt_crypt_arrival_split, uniq_donald
Crypt:2:  layout_chaotic_city, st_stairs_3, corexii_hall_statues_x,
          amcnicky_mini_rare_corridor_liquid, lemuel_statue_altar,
          lemuel_upstairs_altar, uniq_khufu
Crypt:3:  due_elkab, layout_chaotic_city, nicolae_tomb_entry_grand_gallery
Tomb:1:   uniq_mennas
Depths:1: layout_cave_pools, grunt_mini_vestibule, abyss_entry,
          roderic_lattice_a, door_vault, uniq_enchantress
Depths:2: gammafunk_corrupted_shrine, layout_gridlike, rand_demon_pan_entry_8,
          pf_dread_powers_of_hell, special_room [special_room_jelly],
          abyss_entry, bh_walls_and_bars, infiniplex_staircase_zigzag_2,
          uniq_sojobo
Depths:3: gammafunk_depths_water_palace, layout_cave_shapes,
          nicolae_vehumet_altar_sigil, hell_entry, abyss_entry
Depths:4: grunt_zot_entry_gee_three, layout_cave_shapes, enter_ziggurat_c,
          serial_sigils, serial_sigils_hangedman_gnaw,
          serial_sigils_hangedman_carve, serial_sigils_hangedman_snap,
          serial_sigils_hangedman_snap, serial_sigils_hangedman_gut,
          serial_sigils_hangedman_snap, grunt_pan_entry_in_and_out, hell_entry,
          serial_bayou_shore_b
Zot:1:    layout_twisted_circle
Zot:2:    layout_misc_corridors, grunt_ministairs_15

Skill      XL: |  1  2  3  4  5  6  7  8  9 10 11 12 13 14 15 16 17 18 19 20 21 22 23 24 25 26 27 |
---------------+----------------------------------------------------------------------------------+-----
Axes           | 4 5 6 8 9 11 12 14 16 17 18 | 18.0
Dodging        | 1 2 3 4 6 7 8 9 10 11 12 15 20 23 24 27 | 27.0
Invocations    | 1 2 3 4 5 6 7 8 9 10 11 12 13 16 | 16.8
Fighting       | 4 5 7 8 11 12 14 15 16 18 19 27 | 27.0
Shields        | 6 7 8 12 15 17 18 20 21 23 25 27 | 27.0
Armour         | 7 13 15 16 17 18 24 | 24.4
Stealth        | 1 4 |  4.3

Action                     |  1- 3 |  4- 6 |  7- 9 | 10-12 | 13-15 | 16-18 | 19-21 | 22-24 | 25-27 || total
---------------------------+-------+-------+-------+-------+-------+-------+-------+-------+-------++-------
  Melee: War axe           |    61 |    84 |   236 |   507 |   176 |       |       |       |       ||  1064
         Kick              |    11 |    21 |    81 |   177 |   343 |   420 |   764 |   510 |  1533 ||  3860
         Peck              |     4 |    13 |    42 |    98 |   228 |   270 |   459 |   316 |   942 ||  2372
         Broad axe         |       |       |       |       |   855 |  1123 |  1606 |  1247 |  3255 ||  8086
         Executioner's axe |       |       |       |       |    11 |       |       |       |       ||    11
  Throw: Dart              |       |       |       |     5 |     2 |     1 |       |       |       ||     8
 Invoke: Heroism           |       |       |       |     7 |     6 |     9 |     5 |     5 |     9 ||    41
         Finesse           |       |       |       |       |     1 |     1 |     1 |       |     4 ||     7
         Vitalisation      |       |       |       |       |       |       |       |       |    11 ||    11
         Divine Shield     |       |       |       |       |       |       |       |       |     4 ||     4
         Sanctuary         |       |       |       |       |       |       |       |       |     1 ||     1
         Summon Divine War |       |       |       |       |       |       |       |       |     1 ||     1
         Brand Weapon With |       |       |       |       |       |       |       |       |     1 ||     1
  Evoke: Wand              |       |       |       |     8 |    23 |    18 |       |       |       ||    49
         Piece from Xom's  |       |       |       |       |       |     9 |       |       |       ||     9
         Phial of floods   |       |       |       |       |       |       |       |       |     1 ||     1
         Tin of tremorston |       |       |       |       |       |       |       |       |     1 ||     1
    Use: Scroll            |       |       |       |    12 |    22 |     3 |       |     6 |     9 ||    52
         Potion            |       |       |       |    11 |     6 |     3 |     3 |     3 |    13 ||    39
   Stab: Paralysed         |       |       |       |     4 |     4 |     3 |       |       |     3 ||    14
         Invisible         |       |       |       |       |     1 |       |       |       |       ||     1
         Distracted        |       |       |       |       |       |       |     2 |       |     5 ||     7
 Armour: Scale mail        |     5 |       |       |       |       |       |       |       |       ||     5
         Chain mail        |    17 |    30 |    33 |    65 |   178 |       |       |       |       ||   323
         Leather armour    |       |       |    11 |       |       |       |       |       |       ||    11
         Ring mail         |       |       |    14 |    36 |       |       |       |       |       ||    50
         Skin              |       |       |       |     4 |     3 |       |       |       |       ||     7
         Ice dragon scales |       |       |       |       |     3 |       |       |       |       ||     3
         Plate armour      |       |       |       |       |    37 |   265 |       |       |       ||   302
         Storm dragon scal |       |       |       |       |       |    54 |    98 |       |       ||   152
         Pearl dragon scal |       |       |       |       |       |       |   132 |    27 |       ||   159
         Crystal plate arm |       |       |       |       |       |       |       |   124 |   484 ||   608
  Dodge: Dodged            |    15 |    26 |    74 |   190 |   256 |   335 |   426 |   351 |   887 ||  2560
  Block: Buckler           |    31 |    29 |    74 |   174 |    65 |       |       |       |       ||   373
         Reflection        |     1 |       |       |     4 |    14 |   140 |    91 |   112 |     3 ||   365
         Tower shield      |       |       |       |       |   753 |  1344 |  1785 |  1179 |  2973 ||  8034
         Other             |       |       |       |       |     2 |       |       |       |       ||     2
         Kite shield       |       |       |       |       |       |   154 |       |       |       ||   154
